Map: Proxima Station LE

Players

Railgan - Winner!

  • Race: Zerg Zerg
  • League: Grandmaster
  • Spawn Location: 1:00

yungCreach (Creature)

  • Race: Protoss Protoss
  • League: Grandmaster
  • Spawn Location: 7:00

VOD

Have the link to the VOD?

Description

Time

  • Played on: April 15, 2017, 8:51 p.m.
  • Length: 14:02
Show
View Real Time Build Order
Export as new Build Order

Railgan Zerg - Winner!

Build Orders: 3 Hatch before Pool, Lurkers 

Get SALT Encoding   

  12  0:01  Drone  
  13  0:13  Overlord  
  13  0:18  Drone  
  14  0:31  Drone x2  
  14  0:35  Drone  
  17  0:53  Hatchery  
  17  0:56  Drone  
  17  1:00  Drone  
  18  1:22  Hatchery  
  18  1:25  Drone  
  18  1:26  Extractor  
  18  1:30  Drone  
  18  1:43  Spawning Pool  
  18  1:45  Drone  
  18  1:49  Drone  
  19  1:55  Overlord  
  19  2:00  Drone  
  20  2:05  Drone  
  21  2:11  Drone  
  22  2:17  Drone  
  23  2:25  Drone  
  23  2:28  Drone  
  25  2:30  Queen  
  25  2:33  Queen  
  29  2:39  Metabolic Boost  
  29  2:42  Zergling x2  
  30  2:48  Zergling x2  
  31  2:53  Queen  
  31  2:54  Drone  
  31  2:57  Drone  
  31  2:58  Drone  
  36  3:02  Zergling x2  
  36  3:03  Drone  
  38  3:06  Drone  
  38  3:12  Drone x3  
  41  3:16  Overlord  
  41  3:21  Overlord  
  41  3:29  Overlord  
  41  3:34  Overlord  
  41  3:36  Drone x3  
  41  3:39  Zergling x2  
  45  3:41  Zergling x2  
  45  3:42  Queen  
  45  3:43  Drone x2  
  50  3:50  Spore Crawler  
  50  3:51  Spore Crawler  
  50  3:53  Spore Crawler  
  47  3:56  Drone x3  
  47  4:00  Overlord  
  50  4:03  Drone x2  
  50  4:05  Drone  
  48  4:15  Drone x5  
  53  4:23  Drone  
  53  4:24  Drone x5  
  59  4:30  Lair  
  57  4:35  Drone x3  
  57  4:38  Overlord  
  59  4:41  Drone x3  
  59  4:45  Drone x2  
  63  4:49  Overlord  
  63  4:51  Drone  
  63  4:52  Drone  
  65  4:55  Extractor x2, Drone x2  
  65  4:56  Extractor  
  64  5:02  Extractor  
  64  5:03  Extractor  
  62  5:07  Drone x3  
  62  5:12  Evolution Chamber, Zergling x4  
  62  5:13  Evolution Chamber, Baneling Nest  
  64  5:15  Zergling x4  
  64  5:18  Drone  
  64  5:19  Drone x3  
  64  5:20  Overlord  
  70  5:25  Drone x3  
  70  5:27  Drone x4  
  77  5:36  Drone x2  
  77  5:37  Overlord  
  77  5:42  Zerg Melee Weapons Level 1  
  79  5:43  Zerg Missile Weapons Level 1  
  79  5:48  Drone  
  79  5:49  Drone x2  
  80  5:51  Zergling x6  
  80  5:52  Zergling x4  
  80  5:53  Overlord  
  85  5:59  Zergling x6  
  85  6:01  Centrifical Hooks  
  88  6:07  Hatchery  
  87  6:20  Hydralisk Den  
  87  6:21  Drone x2  
  88  6:27  Drone  
  88  6:28  Zergling x2, Drone x2  
  88  6:29  Zergling x18  
  88  6:31  Baneling x6  
  101  6:42  Zergling x6  
  104  6:53  Hydralisk x6  
  104  6:54  Hatchery  
  111  6:57  Overlord  
  111  7:00  Muscular Augments  
  114  7:03  Hydralisk  
  114  7:04  Hydralisk  
  114  7:05  Hydralisk  
  119  7:17  Hydralisk x2  
  119  7:20  Hatchery  
  122  7:24  Drone  
  122  7:27  Hydralisk x4  
  122  7:29  Overlord  
  131  7:32  Overlord  
  131  7:35  Baneling x7  
  131  7:36  Baneling x2  
  131  7:39  Spore Crawler  
  131  7:40  Pneumatized Carapace  
  131  7:41  Overseer  
  131  7:43  Hydralisk x2  
  132  7:47  Overlord  
  132  7:48  Hydralisk  
  136  7:51  Zerg Melee Weapons Level 2  
  136  7:58  Hydralisk  
  135  7:59  Hydralisk  
  135  8:00  Zergling x8  
  133  8:09  Zergling x2  
  133  8:10  Zergling x8  
  118  8:13  Hydralisk  
  118  8:15  Zergling x6  
  121  8:23  Baneling x8  
  121  8:24  Zergling x16  
  121  8:27  Drone x2  
  130  8:28  Zergling x2  
  130  8:33  Drone x3  
  135  8:35  Drone x3  
  135  8:38  Zerg Missile Weapons Level 2  
  138  8:41  Lurker Den  
  138  8:47  Hydralisk, Zergling x2  
  138  8:48  Zergling x6  
  141  8:51  Drone x2  
  141  8:52  Drone  
  135  9:01  Hydralisk x4, Drone  
  135  9:02  Hydralisk  
  140  9:08  Zergling x2  
  140  9:09  Zergling x10  
  140  9:10  Baneling x5  
  130  9:19  Zergling x14  
  127  9:27  Hydralisk x4  
  127  9:36  Drone  
  127  9:37  Overlord, Drone x2  
  128  9:39  Hydralisk, Drone x2  
  128  9:40  Drone  
  128  9:42  Baneling x8  
  128  9:43  Zergling x8  
  136  9:46  Hydralisk  
  136  9:52  Drone x3  
  137  9:56  Zergling x2  
  137  9:57  Zergling x4  
  140  10:01  Hydralisk  
  142  10:07  Zergling x10  
  142  10:08  Spine Crawler, Overlord  
  142  10:11  Extractor  
  142  10:12  Lurker x5, Extractor  
  142  10:13  Lurker  
  150  10:14  Zergling x2  
  150  10:15  Zergling x10  
  150  10:16  Zergling x2  
  158  10:21  Zergling x10  
  158  10:23  Drone  
  163  10:29  Zerg Ground Armor Level 1  
  163  10:30  Zergling x2  
  163  10:31  Zergling x6  
  167  10:41  Zergling x16  
  167  10:42  Overlord  
  175  10:44  Overseer  
  175  10:45  Overlord  
  175  10:46  Hydralisk x2  
  175  10:47  Overlord  
  179  10:53  Drone  
  180  10:58  Overlord  
  180  10:59  Overlord  
  180  11:03  Zergling x4  
  176  11:16  Zergling x8  
  176  11:17  Zergling x4  
  156  11:23  Overseer, Overlord  
  131  11:25  Zergling x2  
  131  11:26  Zergling x12  
  131  11:27  Hydralisk  
  131  11:31  Hydralisk  
  131  11:32  Overlord  
  130  11:33  Hydralisk x2  
  130  11:35  Hydralisk x7, Zergling x2  
  130  11:37  Hydralisk  
  130  11:48  Hydralisk x4  
  130  11:49  Hydralisk  
  130  11:50  Hydralisk  
  130  11:51  Hydralisk  
  130  11:52  Hydralisk  
  130  11:53  Hydralisk  
  141  12:03  Lurker x3  
  141  12:04  Lurker x4  
  148  12:16  Baneling x11  
  148  12:17  Drone  
  148  12:18  Hydralisk, Zergling x2  
  148  12:21  Hydralisk  
  148  12:22  Zergling x2  
  155  12:26  Overseer  
  155  12:43  Hydralisk x4  
  163  12:44  Zergling x2  
  163  12:45  Hydralisk x3  
  163  12:46  Hydralisk x3  
  163  12:47  Overlord  
  176  12:56  Hydralisk  
  175  12:59  Overlord  
  175  13:05  Hydralisk x6  
  174  13:08  Hydralisk  
  174  13:10  Hydralisk  
  174  13:11  Hydralisk  
  174  13:12  Hydralisk  
  161  13:15  Hydralisk  
  161  13:19  Hydralisk  
  153  13:20  Hydralisk x2  
  153  13:25  Zergling x8  
  162  13:27  Overlord  
  162  13:29  Lurker, Zergling x2  
  162  13:30  Zergling x4  
  162  13:31  Hydralisk, Zergling x2  
  169  13:40  Lurker  
  169  13:41  Lurker, Zergling x2  
  169  13:42  Zergling x10  
  169  13:43  Zergling x2  
Show
View Real Time Build Order
Export as new Build Order

yungCreach Protoss 

Build Orders: 1 Gate Expand, Oracle Opening, Zealot Archon 

Get SALT Encoding   

  12  0:00  Probe (Chrono Boost)  
  13  0:11  Probe (Chrono Boost)  
  14  0:18  Pylon  
  14  0:22  Probe (Chrono Boost)  
  15  0:36  Probe (Chrono Boost)  
  15  0:39  Gateway  
  16  0:47  Probe (Chrono Boost)  
  16  0:48  Assimilator  
  17  0:57  Probe (Chrono Boost)  
  18  1:08  Probe (Chrono Boost)  
  19  1:20  Nexus  
  19  1:24  Probe (Chrono Boost)  
  20  1:34  Cybernetics Core  
  20  1:37  Probe (Chrono Boost)  
  21  1:42  Assimilator  
  21  1:48  Probe (Chrono Boost)  
  21  1:52  Pylon  
  22  1:58  Probe (Chrono Boost)  
  23  2:09  Adept  
  23  2:11  Probe (Chrono Boost)  
  27  2:23  Probe (Chrono Boost), Stargate  
  27  2:28  Warp Gate  
  27  2:34  Probe (Chrono Boost)  
  27  2:35  Probe (Chrono Boost)  
  29  2:42  Adept  
  31  2:44  Probe (Chrono Boost)  
  31  2:45  Probe (Chrono Boost)  
  33  2:55  Probe (Chrono Boost)  
  33  2:56  Probe (Chrono Boost)  
  35  3:01  Gateway  
  35  3:02  Gateway  
  35  3:06  Oracle  
  39  3:13  Probe (Chrono Boost)  
  39  3:15  Probe (Chrono Boost)  
  40  3:22  Pylon  
  40  3:25  Probe (Chrono Boost)  
  40  3:27  Probe (Chrono Boost)  
  42  3:32  Pylon  
  42  3:37  Probe x2 (Chrono Boost)  
  42  3:40  Oracle  
  44  3:48  Probe (Chrono Boost)  
  49  3:49  Probe (Chrono Boost)  
  49  3:58  Probe (Chrono Boost)  
  49  3:59  Nexus  
  50  4:05  Pylon  
  50  4:07  Mothership Core (Chrono Boost)  
  50  4:09  Probe (Chrono Boost)  
  53  4:19  Probe (Chrono Boost)  
  54  4:27  Probe (Chrono Boost)  
  54  4:30  Probe (Chrono Boost)  
  57  4:39  Probe (Chrono Boost)  
  57  4:40  Probe (Chrono Boost)  
  57  4:44  Assimilator  
  57  4:45  Assimilator  
  58  4:51  Probe x2 (Chrono Boost)  
  60  4:52  Pylon  
  60  4:56  Forge  
  60  4:59  Pylon, Twilight Council  
  60  5:01  Probe (Chrono Boost)  
  60  5:03  Probe (Chrono Boost)  
  62  5:12  Probe x2 (Chrono Boost)  
  65  5:15  Probe (Chrono Boost)  
  65  5:16  Sentry  
  65  5:17  Adept x2  
  71  5:22  Probe x2 (Chrono Boost)  
  71  5:25  Robotics Facility  
  71  5:26  Pylon  
  71  5:27  Probe (Chrono Boost)  
  74  5:33  Probe (Chrono Boost)  
  74  5:34  Probe (Chrono Boost)  
  76  5:37  Protoss Ground Weapons Level 1  
  76  5:38  Charge  
  76  5:39  Probe (Chrono Boost)  
  77  5:43  Probe (Chrono Boost)  
  77  5:48  Probe (Chrono Boost)  
  79  5:51  Probe (Chrono Boost), Assimilator  
  79  5:54  Gateway  
  79  5:55  Gateway  
  80  5:57  Gateway  
  80  5:58  Gateway  
  80  6:00  Probe (Chrono Boost)  
  80  6:01  Gateway  
  82  6:05  Probe (Chrono Boost)  
  82  6:09  Probe (Chrono Boost)  
  82  6:10  Probe (Chrono Boost)  
  84  6:11  Observer  
  84  6:17  Assimilator  
  84  6:18  Probe (Chrono Boost)  
  86  6:21  Probe x2 (Chrono Boost)  
  88  6:32  Probe (Chrono Boost), Stalker x3  
  95  6:40  Pylon x2  
  95  6:43  Gateway  
  95  6:44  Gateway  
  95  6:45  Pylon, Templar Archives  
  95  6:46  Pylon  
  95  6:47  Gateway, Pylon  
  95  6:50  Gateway  
  95  6:51  Probe (Chrono Boost), Immortal  
  100  7:10  Sentry x2  
  100  7:11  Stalker x2, Zealot  
  100  7:12  Zealot x3  
  100  7:13  Psionic Storm  
  116  7:25  Warp Prism  
  116  7:27  Protoss Ground Weapons Level 2  
  116  7:31  Pylon  
  118  7:39  Nexus  
  118  7:41  Pylon  
  118  7:42  Pylon  
  118  7:44  Pylon  
  118  7:45  High Templar  
  118  7:46  Pylon, High Templar x3  
  126  7:52  Archon  
  126  7:53  Archon  
  126  7:59  Zealot  
  126  8:00  Zealot x7  
  142  8:08  Immortal  
  104  8:17  Probe x3 (Chrono Boost)  
  111  8:22  High Templar x4  
  119  8:29  Probe (Chrono Boost)  
  119  8:32  Robotics Facility  
  120  8:40  Zealot x4  
  120  8:41  Zealot x4  
  136  8:47  Gateway  
  136  8:48  Gateway  
  130  9:01  Assimilator x2  
  120  9:08  Zealot  
  120  9:09  Zealot x7  
  130  9:16  Archon  
  124  9:21  Zealot x4  
  112  9:32  Immortal  
  112  9:34  Immortal  
  112  9:35  Protoss Ground Weapons Level 3  
  112  9:36  High Templar  
  112  9:37  High Templar x2  
  112  9:48  High Templar x2  
  112  9:52  Stalker x3  
  120  9:53  Stalker  
  120  9:55  Blink  
  124  10:06  Immortal  
  114  10:12  Immortal  
  114  10:13  Zealot x7  
  136  10:22  High Templar  
  136  10:23  High Templar  
  136  10:27  Archon  
  140  10:36  High Templar  
  140  10:37  High Templar  
  148  10:50  High Templar x2  
  148  10:54  Archon  
  154  10:57  Zealot  
  154  10:58  Nexus, Zealot x5  
  162  11:13  Archon  
  162  11:17  Archon  
  146  11:20  Zealot x6  
  146  11:21  Zealot  
  143  11:28  Probe x2 (Chrono Boost)  
  143  11:30  Probe x2 (Chrono Boost)  
  132  11:39  Probe (Chrono Boost)  
  125  11:40  Probe (Chrono Boost)  
  125  11:42  Probe (Chrono Boost)  
  125  11:44  Immortal  
  106  11:49  Probe (Chrono Boost)  
  106  11:51  Zealot  
  106  11:52  Zealot x6  
  106  11:53  High Templar x3  
  125  11:57  Archon  
  125  12:01  Probe (Chrono Boost)  
  127  12:02  Probe (Chrono Boost), Pylon, Zealot  
  127  12:03  Zealot x2  
  133  12:14  Probe (Chrono Boost)  
  133  12:15  Oracle  
  126  12:16  Photon Cannon  
  126  12:18  Probe (Chrono Boost)  
  130  12:23  High Templar x2  
  130  12:24  High Templar x2  
  130  12:26  Probe x2 (Chrono Boost)  
  130  12:27  Probe (Chrono Boost), Archon  
  130  12:28  Observer, Archon  
  140  12:34  Photon Cannon  
  142  12:37  Probe (Chrono Boost)  
  142  12:38  Probe (Chrono Boost), Robotics Facility  
  142  12:39  Probe (Chrono Boost)  
  143  12:44  Probe (Chrono Boost)  
  143  12:45  Pylon  
  143  12:50  Probe (Chrono Boost)  
  146  12:52  Probe (Chrono Boost)  
  91  13:23  High Templar  
  91  13:24  High Templar  
  91  13:25  Zealot x9  
  113  13:28  Archon  
  113  13:32  Observer  
  113  13:35  Probe (Chrono Boost)  
Tags
 
Add a new tag
Caveats
  • Supply blocks, unpowered buildings, or Contaminate may cause inaccurate times.
  • Supply counts are checked every 10 seconds.